Diables vs Thunder
(R1)
Created - February 8, 2019 at 19:02
Goals
|
| Diables |
3 |
0 |
2 |
0 |
2 |
6 |
| Thunder |
1 |
3 |
1 |
0 |
0 |
5 |
|
Shots
|
| Diables |
12 |
2 |
14 |
0 |
2 |
28 |
| Thunder |
7 |
7 |
12 |
0 |
2 |
26 |
|
1st period
1. Diables , Louis Leblanc 16 (Michal Repik 12) at 3:12
2. Thunder , Dany Roussin 21 (Joe Labate 12) at 10:16
3. Diables , Brandon Prust 10 (Nick Bjugstad 39) at 13:22
4. Diables , Jordan Caron 19 (Tim Schaller 46, Chris Bigras 7) at 17:36
Penalties :
Austin Wuthrich (TRO) for Tripping (Minor) at 3:54, Marc-André Bourdon (Alm) for Tripping (Minor) at 7:01
2nd period
5. Thunder , Joe Labate 6 (Dany Roussin 20, Thomas Spelling 13) at 0:36
6. Thunder , Dany Roussin 22 (Thomas Spelling 14) at 1:11
7. Thunder , Scott Parse 31 (Trevor Lewis 18) at 12:24
Penalties :
Craig Smith (Alm) for Hooking (Minor) at 3:01, Trevor Lewis (TRO) for Hooking (Minor) at 8:41, Pavel Valentenko (Alm) for Cross-checking (Minor) at 14:21
3rd period
8. Diables , Tim Schaller 25 (Taylor Beck 25, Mark Fraser 16) at 5:53 (PP)
9. Diables , Taylor Beck 20 (Tim Schaller 47, Jordan Caron 25) at 6:56
10. Thunder , Jake Muzzin 1 (David Wolf 5) at 11:11
Penalties :
Mark Stone (TRO) for Holding (Minor) at 0:38, Adam Clendening (TRO) for Holding (Minor) at 5:23, Mark Fraser (Alm) for Charging (Minor) at 11:21, Trevor Lewis (TRO) for Interference (Minor) at 16:15, Pavel Valentenko (Alm) for Slashing (Minor) at 17:48
Overtime #1
No Goal
Penalties :
No Penalty
Shootout
Diables, Brandon Prust - Goal!
Thunder, Scott Parse - Stopped by Garret Sparks
Diables, Craig Smith - Goal!
Thunder, Dany Roussin - Stopped by Garret Sparks
Penalties :
No Penalty
Goalie Stats
Garret Sparks (Alm), 21 saves from 26 shots - (0.808), W, 9-9-1, 65:00 minutes
Sergei Bobrovsky (TRO), 23 saves from 28 shots - (0.821), OTL, 1-3-1, 65:00 minutes
Players Stats for Diables
Player Name G A P +/- PIM S H SB GA TA FO MP PP MP PK MP
------------------------------------------------------------------------------------
Andrew O'Brien 0 0 0 -1 0 1 0 1 0 0 0/0 22:03 2:39 4:27
Brandon Prust 1 0 1 -1 0 7 4 1 0 0 4/9 25:09 4:13 4:31
Carl Gunnarsson 0 0 0 -1 0 1 0 1 2 1 0/0 31:59 5:21 5:02
Chris Bigras 0 1 1 1 0 0 1 0 0 0 0/0 13:40 0:00 2:44
Chris Tierney 0 0 0 -2 0 0 0 0 0 1 1/3 11:13 0:00 0:56
Christian Thomas 0 0 0 1 0 0 1 0 0 0 0/0 6:09 0:00 0:30
Craig Smith 0 0 0 -1 2 2 6 1 1 0 0/0 24:25 4:13 3:39
Jan Mursak 0 0 0 -2 0 1 2 0 0 0 0/0 11:13 0:00 0:00
Jordan Caron 1 1 2 1 0 2 1 0 1 0 0/1 15:49 3:47 0:00
Louis Leblanc 1 0 1 1 0 2 0 0 0 0 2/2 5:42 0:00 0:03
Marc-André Bourdon 0 0 0 1 2 0 1 0 0 1 0/0 11:30 0:00 0:00
Mark Fraser 0 1 1 -1 2 1 1 2 1 0 0/0 31:11 5:21 4:25
Michal Repik 0 1 1 1 0 3 2 0 0 0 0/0 9:04 0:00 2:24
Mikko Lehtonen 0 0 0 -2 0 1 4 0 0 0 0/0 11:15 0:00 0:00
Nick Bjugstad 0 1 1 -1 0 2 1 1 0 0 19/30 20:53 4:13 2:34
Pavel Valentenko 0 0 0 -1 4 0 2 1 0 0 0/0 20:51 2:38 2:20
Taylor Beck 1 1 2 1 0 1 1 0 0 0 0/2 18:22 3:47 1:47
Tim Schaller 1 2 3 1 0 4 4 1 0 0 4/10 19:32 3:47 2:34
Players Stats for Thunder
Player Name G A P +/- PIM S H SB GA TA FO MP PP MP PK MP
------------------------------------------------------------------------------------
Adam Clendening 0 0 0 0 2 0 0 2 0 0 0/0 22:50 3:47 3:44
Austin Wuthrich 0 0 0 -2 2 2 3 0 0 0 0/1 11:06 0:00 0:00
Dany Roussin 2 1 3 3 0 5 2 1 1 0 0/0 25:20 4:24 4:40
David Wolf 0 1 1 -2 0 0 0 1 0 0 0/0 13:26 0:18 0:49
Duncan Siemens 0 0 0 2 0 0 1 1 0 0 0/0 11:26 0:06 0:00
Gianluca Curcuruto 0 0 0 -1 0 0 0 0 0 0 0/0 2:37 0:00 0:00
Jake Muzzin 1 0 1 0 0 2 4 0 0 3 0/0 28:06 5:36 4:16
Jamie McGinn 0 0 0 0 0 0 0 1 0 0 1/1 6:02 0:00 2:22
Joe Labate 1 1 2 3 0 2 7 1 0 0 4/11 18:22 4:38 0:00
Mark Stone 0 0 0 0 2 2 2 0 0 0 0/0 22:57 4:47 1:59
Mikko Vainonen 0 0 0 2 0 0 0 0 0 1 0/0 11:15 0:00 0:00
Morgan Rielly 0 0 0 -1 0 1 0 0 0 0 0/0 30:11 5:36 4:16
Nikolay Prokhorkin 0 0 0 0 0 0 1 0 0 0 0/0 4:46 0:24 0:00
Peter Andersson 0 0 0 0 0 1 1 1 0 0 0/0 23:34 3:53 3:44
Scott Parse 1 0 1 0 0 4 1 1 1 1 7/12 27:35 4:30 4:38
Thomas Spelling 0 2 2 3 0 5 1 2 0 0 1/2 18:22 4:38 0:00
Trevor Lewis 0 1 1 0 4 0 1 0 1 0 14/30 22:03 4:48 1:08
Zach Stepan 0 0 0 -2 0 2 1 0 0 0 0/0 11:31 0:00 0:24
3 Stars
1 - Dany Roussin (TRO)
2 - Joe Labate (TRO)
3 - Tim Schaller (Alm)
Power Play
Diables - 1 on 5 Attempt(s) - 20.00%
Thunder - 0 on 5 Attempt(s) - 0.00%
Penalty Kill
Diables - 5 on 5 Attempt(s) - 100.00%
- Score 0 goal in Penalty Kill
Thunder - 4 on 5 Attempt(s) - 80.00%
- Score 0 goal in Penalty Kill
Team Stat
Diables - Hits : 31 - Faceoff Wins : 30 - Blocked Shots : 9 - Penalty Minutes : 10
Thunder - Hits : 25 - Faceoff Wins : 27 - Blocked Shots : 11 - Penalty Minutes : 10
Official
Referees : Unknown
Linesman : Unknown
Game Notes
No Game Note
Finance
Level 1 -- Attendance: 1381 (69.05%) -- Ticket Income $55,240
Level 2 -- Attendance: 725 (72.50%) -- Ticket Income $14,500
Total Attendance: 2106 (70.20%)
Total Ticket Income: $69,740
Other Income: $3,487
Total Income: $73,227
Diables
5 vs 5 Forward
Center Left Wing Right Wing Time % Phy DF OF
1 Nick Bjugstad Brandon Prust Craig Smith 40 1 2 2
2 Tim Schaller Taylor Beck Jordan Caron 30 1 2 2
3 Chris Tierney Jan Mursak Mikko Lehtonen 20 1 2 2
4 Louis Leblanc Christian Thomas Michal Repik 10 1 2 2
5 vs 5 Defense
Defense Defense Time % Phy DF OF
1 Mark Fraser Carl Gunnarsson 40 1 2 2
2 Pavel Valentenko Andrew O'Brien 30 1 2 2
3 Marc-André Bourdon Chris Bigras 20 1 2 2
4 Mark Fraser Carl Gunnarsson 10 1 2 2
PowerPlay Forward
Center Left Wing Right Wing Time % Phy DF OF
1 Nick Bjugstad Brandon Prust Craig Smith 60 1 2 2
2 Tim Schaller Taylor Beck Jordan Caron 40 1 2 2
PowerPlay Defense
Defense Defense Time % Phy DF OF
1 Mark Fraser Carl Gunnarsson 60 1 2 2
2 Pavel Valentenko Andrew O'Brien 40 1 2 2
Penalty Kill 4 Players Forward
Center Wing Time % Phy DF OF
1 Brandon Prust Craig Smith 60 1 2 2
2 Nick Bjugstad Tim Schaller 40 1 2 2
Penalty Kill 4 Players Defense
Defense Defense Time % Phy DF OF
1 Mark Fraser Carl Gunnarsson 60 1 2 2
2 Pavel Valentenko Andrew O'Brien 40 1 2 2
Penalty Kill - 3 Players Forward
Forward Time % Phy DF OF
1 Brandon Prust 60 1 2 2
2 Craig Smith 40 1 2 2
Penalty Kill - 3 Players Defense
Defense Defense Time % Phy DF OF
1 Mark Fraser Carl Gunnarsson 60 1 2 2
2 Pavel Valentenko Andrew O'Brien 40 1 2 2
4 vs 4 Forward
Center Wing Time % Phy DF OF
1 Brandon Prust Craig Smith 60 1 2 2
2 Nick Bjugstad Tim Schaller 40 1 2 2
4 vs 4 Defense
Defense Defense Time % Phy DF OF
1 Mark Fraser Carl Gunnarsson 60 1 2 2
2 Pavel Valentenko Andrew O'Brien 40 1 2 2
Last Minutes Offensive
Center Left Wing Right Wing Defense Defense
Nick Bjugstad Brandon Prust Craig Smith Mark Fraser Carl Gunnarsson
Last Minutes Defensive
Center Left Wing Right Wing Defense Defense
Nick Bjugstad Brandon Prust Craig Smith Mark Fraser Carl Gunnarsson
Goaltenders
Starting : Garret Sparks
Backup : Eric Comrie
Extra Forwards
Normal : Mikko Lehtonen, Jan Mursak, Michal Repik - PP : Mikko Lehtonen, Jan Mursak - PK : Michal Repik
Extra Defensemen
Normal : Marc-André Bourdon, Chris Bigras, Pavel Valentenko - PP : Marc-André Bourdon - PK : Chris Bigras, Pavel Valentenko
Penalty Shots
Brandon Prust, Craig Smith, Nick Bjugstad, Tim Schaller, Jordan Caron
Scratches
Stephen Harper (Healthy), Emil Djuse (Healthy), Gemel Smith (Healthy), Jamie Oleksiak (Left Eye Injury), Matt Lindblad (Healthy)
Cole Cassels (Healthy), Jeremy Gregoire (Healthy), Connor Hurley (Healthy), Gustav Olofsson (Healthy), Andreas Johnsson (Healthy)
Brett Ritchie (Healthy), Mitchell Moroz (Healthy), Daniel Zaar (Broken Nose Injury), Linus Ullmark (Healthy), Jack Campbell (Healthy)
Thunder
5 vs 5 Forward
Center Left Wing Right Wing Time % Phy DF OF
1 Trevor Lewis Scott Parse Mark Stone 40 1 2 2
2 Joe Labate Dany Roussin Thomas Spelling 30 1 2 2
3 Zach Stepan David Wolf Austin Wuthrich 20 1 2 2
4 Scott Parse Jamie McGinn Dany Roussin 10 1 2 2
5 vs 5 Defense
Defense Defense Time % Phy DF OF
1 Morgan Rielly Jake Muzzin 40 1 2 2
2 Peter Andersson Adam Clendening 30 1 2 2
3 Duncan Siemens Mikko Vainonen 20 1 2 2
4 Gianluca Curcuruto Morgan Rielly 10 1 2 2
PowerPlay Forward
Center Left Wing Right Wing Time % Phy DF OF
1 Trevor Lewis Scott Parse Mark Stone 60 1 2 2
2 Joe Labate Dany Roussin Thomas Spelling 40 1 2 2
PowerPlay Defense
Defense Defense Time % Phy DF OF
1 Morgan Rielly Jake Muzzin 60 1 2 2
2 Peter Andersson Adam Clendening 40 1 2 2
Penalty Kill 4 Players Forward
Center Wing Time % Phy DF OF
1 Scott Parse Dany Roussin 60 1 2 2
2 Mark Stone Trevor Lewis 40 1 2 2
Penalty Kill 4 Players Defense
Defense Defense Time % Phy DF OF
1 Morgan Rielly Jake Muzzin 60 1 2 2
2 Peter Andersson Adam Clendening 40 1 2 2
Penalty Kill - 3 Players Forward
Forward Time % Phy DF OF
1 Scott Parse 60 1 2 2
2 Dany Roussin 40 1 2 2
Penalty Kill - 3 Players Defense
Defense Defense Time % Phy DF OF
1 Morgan Rielly Jake Muzzin 60 1 2 2
2 Peter Andersson Adam Clendening 40 1 2 2
4 vs 4 Forward
Center Wing Time % Phy DF OF
1 Scott Parse Dany Roussin 60 1 2 2
2 Mark Stone Trevor Lewis 40 1 2 2
4 vs 4 Defense
Defense Defense Time % Phy DF OF
1 Morgan Rielly Jake Muzzin 60 1 2 2
2 Peter Andersson Adam Clendening 40 1 2 2
Last Minutes Offensive
Center Left Wing Right Wing Defense Defense
Trevor Lewis Scott Parse Mark Stone Morgan Rielly Jake Muzzin
Last Minutes Defensive
Center Left Wing Right Wing Defense Defense
Trevor Lewis Scott Parse Mark Stone Morgan Rielly Jake Muzzin
Goaltenders
Starting : Sergei Bobrovsky
Backup : Devan Dubnyk
Extra Forwards
Normal : Nikolay Prokhorkin, David Wolf, Jamie McGinn - PP : Nikolay Prokhorkin, David Wolf - PK : Jamie McGinn
Extra Defensemen
Normal : Duncan Siemens, Mikko Vainonen, Gianluca Curcuruto - PP : Duncan Siemens - PK : Mikko Vainonen, Gianluca Curcuruto
Penalty Shots
Scott Parse, Dany Roussin, Mark Stone, Trevor Lewis, David Wolf
Scratches
Ryan Nugent-Hopkins (Left Wrist Injury), Jared Staal (Right Knee Injury), Niklas Treutle (Healthy)
% Time on Ice - Diables
Lines # - Real PCT - Wanted PCT - Time Play
Normal Forward
1 - 34% - 40% - 14:17
2 - 29% - 30% - 12:02
3 - 24% - 20% - 10:07
4 - 13% - 10% - 5:39
Normal Defense
1 - 42% - 40% - 17:44
2 - 31% - 30% - 13:12
3 - 23% - 20% - 9:44
4 - 3% - 10% - 1:25
PP Forward
1 - 53% - 60% - 4:13
2 - 47% - 40% - 3:47
PP Defense
1 - 67% - 60% - 5:21
2 - 33% - 40% - 2:39
PK Forward
1 - 73% - 60% - 6:55
2 - 27% - 40% - 2:34
PK Defense
1 - 53% - 60% - 5:02
2 - 47% - 40% - 4:27
PK3 Forward
1 - 0% - 60%
2 - 0% - 40%
PK3 Defense
1 - 0% - 60%
2 - 0% - 40%
44 Forward
1 - 79% - 60% - 4:17
2 - 21% - 40% - 1:09
44 Defense
1 - 69% - 60% - 3:44
2 - 31% - 40% - 1:42
Last Minute Offensive - 0:00
Last Minute Defensive - 0:00
Total
Forward - 65:00
Defense - 65:00
|
% Time on Ice - Thunder
Lines # - Real PCT - Wanted PCT - Time Play
Normal Forward
1 - 35% - 40% - 14:42
2 - 33% - 30% - 13:49
3 - 26% - 20% - 11:07
4 - 6% - 10% - 2:27
Normal Defense
1 - 38% - 40% - 15:55
2 - 32% - 30% - 13:37
3 - 24% - 20% - 10:17
4 - 5% - 10% - 2:16
PP Forward
1 - 51% - 60% - 4:51
2 - 49% - 40% - 4:38
PP Defense
1 - 60% - 60% - 5:42
2 - 40% - 40% - 3:47
PK Forward
1 - 68% - 60% - 5:28
2 - 32% - 40% - 2:32
PK Defense
1 - 53% - 60% - 4:16
2 - 47% - 40% - 3:44
PK3 Forward
1 - 0% - 60%
2 - 0% - 40%
PK3 Defense
1 - 0% - 60%
2 - 0% - 40%
44 Forward
1 - 75% - 60% - 4:04
2 - 25% - 40% - 1:22
44 Defense
1 - 66% - 60% - 3:34
2 - 34% - 40% - 1:52
Last Minute Offensive - 0:00
Last Minute Defensive - 0:00
Total
Forward - 65:00
Defense - 65:00
|
Play-by-Play
1st period
0:01 of 1st period - Trevor Lewis wins face-off versus Nick Bjugstad in neutral zone.
0:04 of 1st period - Carl Gunnarsson is hit by Scott Parse and loses puck.
0:25 of 1st period - Morgan Rielly is hit by Tim Schaller and loses puck.
1:34 of 1st period - Snap shot by Nick Bjugstad.
1:34 of 1st period - Deflect By Brandon Prust.
1:34 of 1st period - Stopped by Sergei Bobrovsky with a rebound.
1:36 of 1st period - Snap shot by Andrew O'Brien.
1:36 of 1st period - Deflect By Dany Roussin.
1:36 of 1st period - Stopped by Sergei Bobrovsky without a rebound.
1:37 of 1st period - Scott Parse wins face-off versus Taylor Beck in Thunder zone.
2:30 of 1st period - Duncan Siemens is hit by Craig Smith and loses puck.
3:12 of 1st period - Backhand shot by Louis Leblanc.
3:12 of 1st period - Goal by Louis Leblanc - Diables : 1 - Thunder : 0.
3:13 of 1st period - Scott Parse wins face-off versus Nick Bjugstad in neutral zone.
3:54 of 1st period - Minor Penalty to Austin Wuthrich for Tripping.
3:55 of 1st period - Nick Bjugstad wins face-off versus Scott Parse in Thunder zone.
4:07 of 1st period - Snap shot by Brandon Prust.
4:07 of 1st period - Stopped by Sergei Bobrovsky without a rebound.
4:08 of 1st period - Scott Parse wins face-off versus Nick Bjugstad in Thunder zone.
5:54 of 1st period - Penalty to Austin Wuthrich is over, Austin Wuthrich is back on ice.
6:27 of 1st period - Wrist shot by Christian Thomas.
6:27 of 1st period - Deflect By Louis Leblanc.
6:27 of 1st period - Stopped by Sergei Bobrovsky without a rebound.
6:28 of 1st period - Nick Bjugstad wins face-off versus Trevor Lewis in Thunder zone.
6:37 of 1st period - Wrist shot by Nick Bjugstad.
6:37 of 1st period - Stopped by Sergei Bobrovsky without a rebound.
6:38 of 1st period - Joe Labate wins face-off versus Brandon Prust in Thunder zone.
6:38 of 1st period - Dany Roussin is hit by Craig Smith and loses puck.
7:01 of 1st period - Minor Penalty to Marc-André Bourdon for Tripping.
7:02 of 1st period - Brandon Prust wins face-off versus Scott Parse in Diables zone.
7:37 of 1st period - Tim Schaller is hit by Joe Labate and loses puck.
8:25 of 1st period - Icing by Jake Muzzin.
8:26 of 1st period - Nick Bjugstad wins face-off versus Joe Labate in Thunder zone.
9:01 of 1st period - Penalty to Marc-André Bourdon is over, Marc-André Bourdon is back on ice.
9:18 of 1st period - Adam Clendening is hit by Brandon Prust and loses puck.
10:04 of 1st period - Icing by Mikko Lehtonen.
10:05 of 1st period - Chris Tierney wins face-off versus Trevor Lewis in Diables zone.
10:16 of 1st period - Slapshot by Dany Roussin.
10:16 of 1st period - Goal by Dany Roussin - Diables : 1 - Thunder : 1.
10:17 of 1st period - Tim Schaller wins face-off versus Trevor Lewis in neutral zone.
10:20 of 1st period - Snap shot by Jordan Caron.
10:20 of 1st period - Shot Misses the Net.
10:22 of 1st period - Slapshot by Mark Fraser.
10:22 of 1st period - Stopped by Sergei Bobrovsky with a rebound.
10:44 of 1st period - Carl Gunnarsson is hit by Joe Labate and loses puck.
10:51 of 1st period - Morgan Rielly is hit by Jan Mursak and loses puck.
11:08 of 1st period - Backhand shot by Morgan Rielly.
11:08 of 1st period - Shot Blocked by Craig Smith.
11:32 of 1st period - Wrist shot by Michal Repik.
11:32 of 1st period - Stopped by Sergei Bobrovsky with a rebound.
11:34 of 1st period - Wrist shot by Michal Repik.
11:34 of 1st period - Stopped by Sergei Bobrovsky with a rebound.
11:36 of 1st period - Snap shot by Louis Leblanc.
11:36 of 1st period - Deflect By Michal Repik.
11:36 of 1st period - Shot Blocked by Adam Clendening.
11:36 of 1st period - Puck is out of play.
11:37 of 1st period - Joe Labate wins face-off versus Tim Schaller in Thunder zone.
11:50 of 1st period - Peter Andersson is hit by Tim Schaller and loses puck.
12:13 of 1st period - Wrist shot by Mark Stone.
12:13 of 1st period - Shot Misses the Net.
12:35 of 1st period - Michal Repik is hit by Austin Wuthrich and loses puck.
13:20 of 1st period - Slapshot by Brandon Prust.
13:20 of 1st period - Shot Blocked by David Wolf.
13:22 of 1st period - Wrist shot by Brandon Prust.
13:22 of 1st period - Goal by Brandon Prust - Diables : 2 - Thunder : 1.
13:23 of 1st period - Trevor Lewis wins face-off versus Nick Bjugstad in neutral zone.
13:59 of 1st period - Wrist shot by Tim Schaller.
13:59 of 1st period - Shot Blocked by Thomas Spelling.
14:01 of 1st period - Snap shot by Jordan Caron.
14:01 of 1st period - Shot Misses the Net.
14:37 of 1st period - Wrist shot by David Wolf.
14:37 of 1st period - Shot Misses the Net.
15:11 of 1st period - Snap shot by Taylor Beck.
15:11 of 1st period - Shot Misses the Net.
15:23 of 1st period - Tim Schaller is hit by Zach Stepan and loses puck.
15:40 of 1st period - Chris Tierney is hit by Trevor Lewis and loses puck.
15:45 of 1st period - Wrist shot by Scott Parse.
15:45 of 1st period - Stopped by Garret Sparks without a rebound.
15:46 of 1st period - Nick Bjugstad wins face-off versus Trevor Lewis in Diables zone.
17:36 of 1st period - Wrist shot by Jordan Caron.
17:36 of 1st period - Goal by Jordan Caron - Diables : 3 - Thunder : 1.
17:37 of 1st period - Nick Bjugstad wins face-off versus Trevor Lewis in neutral zone.
17:40 of 1st period - Trevor Lewis is hit by Brandon Prust and loses puck.
18:11 of 1st period - Wrist shot by Thomas Spelling.
18:11 of 1st period - Stopped by Garret Sparks without a rebound.
18:12 of 1st period - Thomas Spelling wins face-off versus Tim Schaller in Diables zone.
18:21 of 1st period - Snap shot by Dany Roussin.
18:21 of 1st period - Stopped by Garret Sparks without a rebound.
18:22 of 1st period - Joe Labate wins face-off versus Tim Schaller in Diables zone.
18:27 of 1st period - Slapshot by Thomas Spelling.
18:27 of 1st period - Shot Blocked by Mark Fraser.
18:29 of 1st period - Slapshot by Thomas Spelling.
18:29 of 1st period - Shot Blocked by Tim Schaller.
18:51 of 1st period - Slapshot by Tim Schaller.
18:51 of 1st period - Shot Misses the Net.
18:53 of 1st period - Backhand shot by Carl Gunnarsson.
18:53 of 1st period - Stopped by Sergei Bobrovsky with a rebound.
19:23 of 1st period - Snap shot by Dany Roussin.
19:23 of 1st period - Stopped by Garret Sparks with a rebound.
19:25 of 1st period - Slapshot by Joe Labate.
19:25 of 1st period - Shot Misses the Net.
19:27 of 1st period - Snap shot by Joe Labate.
19:27 of 1st period - Stopped by Garret Sparks with a rebound.
19:29 of 1st period - Snap shot by Dany Roussin.
19:29 of 1st period - Deflect By Thomas Spelling.
19:29 of 1st period - Stopped by Garret Sparks without a rebound.
19:30 of 1st period - Nick Bjugstad wins face-off versus Trevor Lewis in Diables zone.
Goals for this period are 3 for Diables vs 1 for Thunder.
Shots for this period are 12 for Diables vs 7 for Thunder.
2nd period
0:01 of 2nd period - Nick Bjugstad wins face-off versus Trevor Lewis in neutral zone.
0:27 of 2nd period - Mark Fraser is hit by Dany Roussin and loses puck.
0:34 of 2nd period - Slapshot by Dany Roussin.
0:34 of 2nd period - Stopped by Garret Sparks with a rebound.
0:36 of 2nd period - Snap shot by Joe Labate.
0:36 of 2nd period - Goal by Joe Labate - Diables : 3 - Thunder : 2.
0:37 of 2nd period - Nick Bjugstad wins face-off versus Trevor Lewis in neutral zone.
1:04 of 2nd period - Tim Schaller is hit by Joe Labate and loses puck.
1:11 of 2nd period - Snap shot by Dany Roussin.
1:11 of 2nd period - Goal by Dany Roussin - Diables : 3 - Thunder : 3.
1:12 of 2nd period - Trevor Lewis wins face-off versus Nick Bjugstad in neutral zone.
1:16 of 2nd period - Icing by Nick Bjugstad.
1:17 of 2nd period - Nick Bjugstad wins face-off versus Trevor Lewis in Diables zone.
1:48 of 2nd period - Snap shot by Tim Schaller.
1:48 of 2nd period - Deflect By Jordan Caron.
1:48 of 2nd period - Shot Blocked by Joe Labate.
1:48 of 2nd period - Puck is out of play.
1:49 of 2nd period - Trevor Lewis wins face-off versus Chris Tierney in Thunder zone.
1:49 of 2nd period - Trevor Lewis is hit by Mikko Lehtonen.
2:15 of 2nd period - Brandon Prust is hit by Joe Labate and loses puck.
2:22 of 2nd period - Snap shot by Thomas Spelling.
2:22 of 2nd period - Shot Blocked by Nick Bjugstad.
2:24 of 2nd period - Snap shot by Thomas Spelling.
2:24 of 2nd period - Stopped by Garret Sparks without a rebound.
2:25 of 2nd period - Joe Labate wins face-off versus Tim Schaller in Diables zone.
2:29 of 2nd period - Icing by Carl Gunnarsson.
2:30 of 2nd period - Tim Schaller wins face-off versus Thomas Spelling in Diables zone.
2:30 of 2nd period - Tim Schaller is hit by Joe Labate.
3:01 of 2nd period - Minor Penalty to Craig Smith for Hooking.
3:02 of 2nd period - Brandon Prust wins face-off versus Trevor Lewis in Diables zone.
3:27 of 2nd period - Brandon Prust is hit by Thomas Spelling and loses puck.
3:36 of 2nd period - Snap shot by Dany Roussin.
3:36 of 2nd period - Shot Blocked by Carl Gunnarsson.
5:01 of 2nd period - Penalty to Craig Smith is over, Craig Smith is back on ice.
5:30 of 2nd period - Jamie McGinn is hit by Nick Bjugstad and loses puck.
5:43 of 2nd period - Slapshot by Michal Repik.
5:43 of 2nd period - Stopped by Sergei Bobrovsky with a rebound.
6:21 of 2nd period - Pavel Valentenko is hit by Austin Wuthrich and loses puck.
6:32 of 2nd period - Snap shot by Michal Repik.
6:32 of 2nd period - Shot Misses the Net.
6:43 of 2nd period - Off-side.
6:44 of 2nd period - Tim Schaller wins face-off versus Austin Wuthrich in neutral zone.
7:25 of 2nd period - Off-side.
7:26 of 2nd period - Louis Leblanc wins face-off versus Trevor Lewis in neutral zone.
7:51 of 2nd period - David Wolf is hit by Brandon Prust and loses puck.
8:39 of 2nd period - Snap shot by Jordan Caron.
8:39 of 2nd period - Shot Misses the Net.
8:41 of 2nd period - Minor Penalty to Trevor Lewis for Hooking.
8:42 of 2nd period - Nick Bjugstad wins face-off versus Scott Parse in Thunder zone.
8:45 of 2nd period - Slapshot by Brandon Prust.
8:45 of 2nd period - Stopped by Sergei Bobrovsky with a rebound.
8:55 of 2nd period - Snap shot by Scott Parse.
8:55 of 2nd period - Shot Misses the Net.
8:57 of 2nd period - Wrist shot by Scott Parse.
8:57 of 2nd period - Stopped by Garret Sparks with a rebound.
9:57 of 2nd period - Carl Gunnarsson is hit by Mark Stone.
10:07 of 2nd period - Brandon Prust is hit by Jake Muzzin and loses puck.
10:41 of 2nd period - Penalty to Trevor Lewis is over, Trevor Lewis is back on ice.
11:36 of 2nd period - David Wolf is hit by Christian Thomas and loses puck.
11:51 of 2nd period - Jake Muzzin is hit by Chris Bigras and loses puck.
12:20 of 2nd period - Icing by Nick Bjugstad.
12:21 of 2nd period - Trevor Lewis wins face-off versus Nick Bjugstad in Diables zone.
12:24 of 2nd period - Wrist shot by Scott Parse.
12:24 of 2nd period - Goal by Scott Parse - Diables : 3 - Thunder : 4.
12:25 of 2nd period - Nick Bjugstad wins face-off versus Trevor Lewis in neutral zone.
13:08 of 2nd period - Backhand shot by Mark Stone.
13:08 of 2nd period - Shot Misses the Net.
13:10 of 2nd period - Slapshot by Jake Muzzin.
13:10 of 2nd period - Stopped by Garret Sparks without a rebound.
13:11 of 2nd period - Nick Bjugstad wins face-off versus Joe Labate in Diables zone.
13:15 of 2nd period - Off-side.
13:16 of 2nd period - Nick Bjugstad wins face-off versus Joe Labate in neutral zone.
13:19 of 2nd period - Slapshot by Carl Gunnarsson.
13:19 of 2nd period - Shot Blocked by Adam Clendening.
13:41 of 2nd period - Taylor Beck is hit by Austin Wuthrich and loses puck.
14:06 of 2nd period - Chris Tierney is hit by Peter Andersson and loses puck.
14:21 of 2nd period - Minor Penalty to Pavel Valentenko for Cross-checking.
14:22 of 2nd period - Trevor Lewis wins face-off versus Brandon Prust in Diables zone.
14:47 of 2nd period - Nick Bjugstad is hit by Joe Labate and loses puck.
16:21 of 2nd period - Penalty to Pavel Valentenko is over, Pavel Valentenko is back on ice.
16:34 of 2nd period - Mikko Lehtonen is hit by Duncan Siemens and loses puck.
16:43 of 2nd period - Wrist shot by Austin Wuthrich.
16:43 of 2nd period - Shot Misses the Net.
17:49 of 2nd period - Trevor Lewis is hit by Mikko Lehtonen and loses puck.
18:04 of 2nd period - Zach Stepan is hit by Tim Schaller and loses puck.
18:50 of 2nd period - Morgan Rielly is hit by Jan Mursak and loses puck.
19:01 of 2nd period - Andrew O'Brien is hit by Jake Muzzin and loses puck.
19:49 of 2nd period - Carl Gunnarsson is hit by Joe Labate and loses puck.
Goals for this period are 0 for Diables vs 3 for Thunder.
Shots for this period are 2 for Diables vs 7 for Thunder.
3rd period
0:01 of 3rd period - Nick Bjugstad wins face-off versus Trevor Lewis in neutral zone.
0:38 of 3rd period - Minor Penalty to Mark Stone for Holding.
0:39 of 3rd period - Scott Parse wins face-off versus Nick Bjugstad in Thunder zone.
0:39 of 3rd period - Scott Parse is hit by Craig Smith.
1:07 of 3rd period - Icing by Tim Schaller.
1:08 of 3rd period - Jamie McGinn wins face-off versus Jordan Caron in Diables zone.
1:15 of 3rd period - Wrist shot by Jamie McGinn.
1:15 of 3rd period - Shot Misses the Net.
1:53 of 3rd period - Jake Muzzin is hit by Craig Smith and loses puck.
2:38 of 3rd period - Penalty to Mark Stone is over, Mark Stone is back on ice.
4:29 of 3rd period - Snap shot by Craig Smith.
4:29 of 3rd period - Stopped by Sergei Bobrovsky with a rebound.
4:31 of 3rd period - Wrist shot by Jan Mursak.
4:31 of 3rd period - Stopped by Sergei Bobrovsky without a rebound.
4:32 of 3rd period - Trevor Lewis wins face-off versus Chris Tierney in Thunder zone.
4:55 of 3rd period - David Wolf is hit by Craig Smith and loses puck.
5:00 of 3rd period - Snap shot by Brandon Prust.
5:00 of 3rd period - Stopped by Sergei Bobrovsky without a rebound.
5:01 of 3rd period - Nick Bjugstad wins face-off versus Joe Labate in Thunder zone.
5:01 of 3rd period - Nick Bjugstad is hit by Dany Roussin.
5:09 of 3rd period - Snap shot by Nick Bjugstad.
5:09 of 3rd period - Stopped by Sergei Bobrovsky with a rebound.
5:17 of 3rd period - Snap shot by Craig Smith.
5:17 of 3rd period - Shot Misses the Net.
5:23 of 3rd period - Minor Penalty to Adam Clendening for Holding.
5:24 of 3rd period - Nick Bjugstad wins face-off versus Scott Parse in Thunder zone.
5:53 of 3rd period - Snap shot by Tim Schaller.
5:53 of 3rd period - Goal by Tim Schaller - Diables : 4 - Thunder : 4.
5:54 of 3rd period - Nick Bjugstad wins face-off versus Trevor Lewis in neutral zone.
6:21 of 3rd period - Jordan Caron is hit by Jake Muzzin and loses puck.
6:42 of 3rd period - Snap shot by Austin Wuthrich.
6:42 of 3rd period - Stopped by Garret Sparks with a rebound.
6:44 of 3rd period - Slapshot by Peter Andersson.
6:44 of 3rd period - Stopped by Garret Sparks with a rebound.
6:50 of 3rd period - Wrist shot by Tim Schaller.
6:50 of 3rd period - Shot Misses the Net.
6:54 of 3rd period - Snap shot by Tim Schaller.
6:54 of 3rd period - Shot Blocked by Duncan Siemens.
6:56 of 3rd period - Slapshot by Taylor Beck.
6:56 of 3rd period - Goal by Taylor Beck - Diables : 5 - Thunder : 4.
6:57 of 3rd period - Trevor Lewis wins face-off versus Nick Bjugstad in neutral zone.
7:06 of 3rd period - Slapshot by Brandon Prust.
7:06 of 3rd period - Stopped by Sergei Bobrovsky with a rebound.
7:28 of 3rd period - Wrist shot by Thomas Spelling.
7:28 of 3rd period - Stopped by Garret Sparks with a rebound.
8:04 of 3rd period - Morgan Rielly is hit by Michal Repik and loses puck.
8:30 of 3rd period - Icing by Mark Fraser.
8:31 of 3rd period - Nick Bjugstad wins face-off versus Joe Labate in Diables zone.
8:50 of 3rd period - Snap shot by Craig Smith.
8:50 of 3rd period - Deflect By Nick Bjugstad.
8:50 of 3rd period - Shot Misses the Net.
8:50 of 3rd period - Puck is out of play.
8:51 of 3rd period - Tim Schaller wins face-off versus Trevor Lewis in Thunder zone.
9:03 of 3rd period - Wrist shot by Tim Schaller.
9:03 of 3rd period - Stopped by Sergei Bobrovsky with a rebound.
9:05 of 3rd period - Slapshot by Andrew O'Brien.
9:05 of 3rd period - Shot Blocked by Peter Andersson.
9:07 of 3rd period - Snap shot by Tim Schaller.
9:07 of 3rd period - Stopped by Sergei Bobrovsky with a rebound.
9:25 of 3rd period - Snap shot by Craig Smith.
9:25 of 3rd period - Stopped by Sergei Bobrovsky with a rebound.
9:27 of 3rd period - Wrist shot by Brandon Prust.
9:27 of 3rd period - Shot Blocked by Thomas Spelling.
9:29 of 3rd period - Slapshot by Andrew O'Brien.
9:29 of 3rd period - Shot Blocked by Dany Roussin.
9:47 of 3rd period - Slapshot by Zach Stepan.
9:47 of 3rd period - Stopped by Garret Sparks without a rebound.
9:48 of 3rd period - Trevor Lewis wins face-off versus Nick Bjugstad in Diables zone.
10:01 of 3rd period - Wrist shot by Brandon Prust.
10:01 of 3rd period - Stopped by Sergei Bobrovsky without a rebound.
10:02 of 3rd period - Trevor Lewis wins face-off versus Tim Schaller in Thunder zone.
10:02 of 3rd period - Trevor Lewis is hit by Tim Schaller.
10:16 of 3rd period - Snap shot by Mark Stone.
10:16 of 3rd period - Stopped by Garret Sparks without a rebound.
10:17 of 3rd period - Brandon Prust wins face-off versus Joe Labate in Diables zone.
10:32 of 3rd period - Slapshot by Dany Roussin.
10:32 of 3rd period - Deflect By Thomas Spelling.
10:32 of 3rd period - Stopped by Garret Sparks without a rebound.
10:33 of 3rd period - Trevor Lewis wins face-off versus Tim Schaller in Diables zone.
10:48 of 3rd period - Snap shot by Tim Schaller.
10:48 of 3rd period - Shot Blocked by Scott Parse.
11:11 of 3rd period - Slapshot by Jake Muzzin.
11:11 of 3rd period - Goal by Jake Muzzin - Diables : 5 - Thunder : 5.
11:12 of 3rd period - Trevor Lewis wins face-off versus Nick Bjugstad in neutral zone.
11:19 of 3rd period - Snap shot by Trevor Lewis.
11:19 of 3rd period - Shot Misses the Net.
11:21 of 3rd period - Minor Penalty to Mark Fraser for Charging.
11:22 of 3rd period - Trevor Lewis wins face-off versus Brandon Prust in Diables zone.
11:25 of 3rd period - Backhand shot by Scott Parse.
11:25 of 3rd period - Shot Blocked by Brandon Prust.
11:27 of 3rd period - Slapshot by Mark Stone.
11:27 of 3rd period - Stopped by Garret Sparks without a rebound.
11:28 of 3rd period - Trevor Lewis wins face-off versus Brandon Prust in Diables zone.
11:37 of 3rd period - Slapshot by Scott Parse.
11:37 of 3rd period - Shot Misses the Net.
11:43 of 3rd period - Wrist shot by Scott Parse.
11:43 of 3rd period - Stopped by Garret Sparks with a rebound.
12:37 of 3rd period - Mark Stone is hit by Craig Smith and loses puck.
13:04 of 3rd period - Michal Repik is hit by Jake Muzzin.
13:16 of 3rd period - Snap shot by Nick Bjugstad.
13:16 of 3rd period - Shot Hit the Post.
13:21 of 3rd period - Penalty to Mark Fraser is over, Mark Fraser is back on ice.
13:26 of 3rd period - Snap shot by David Wolf.
13:26 of 3rd period - Shot Misses the Net.
13:28 of 3rd period - Backhand shot by Austin Wuthrich.
13:28 of 3rd period - Stopped by Garret Sparks with a rebound.
13:30 of 3rd period - Slapshot by Zach Stepan.
13:30 of 3rd period - Stopped by Garret Sparks with a rebound.
13:32 of 3rd period - Slapshot by Morgan Rielly.
13:32 of 3rd period - Shot Blocked by Pavel Valentenko.
13:34 of 3rd period - Snap shot by David Wolf.
13:34 of 3rd period - Shot Blocked by Andrew O'Brien.
13:38 of 3rd period - Slapshot by Morgan Rielly.
13:38 of 3rd period - Stopped by Garret Sparks with a rebound.
14:04 of 3rd period - Slapshot by Jan Mursak.
14:04 of 3rd period - Shot Blocked by Jamie McGinn.
14:06 of 3rd period - Wrist shot by Mikko Lehtonen.
14:06 of 3rd period - Stopped by Sergei Bobrovsky without a rebound.
14:07 of 3rd period - Scott Parse wins face-off versus Taylor Beck in Thunder zone.
14:28 of 3rd period - David Wolf is hit by Mikko Lehtonen and loses puck.
15:00 of 3rd period - Icing by Carl Gunnarsson.
15:01 of 3rd period - Louis Leblanc wins face-off versus Joe Labate in Diables zone.
15:29 of 3rd period - Thomas Spelling is hit by Jordan Caron and loses puck.
15:44 of 3rd period - Snap shot by Dany Roussin.
15:44 of 3rd period - Shot Misses the Net.
15:56 of 3rd period - Mikko Vainonen is hit by Taylor Beck and loses puck.
16:05 of 3rd period - Slapshot by Jordan Caron.
16:05 of 3rd period - Stopped by Sergei Bobrovsky with a rebound.
16:07 of 3rd period - Wrist shot by Tim Schaller.
16:07 of 3rd period - Stopped by Sergei Bobrovsky without a rebound.
16:08 of 3rd period - Nick Bjugstad wins face-off versus Trevor Lewis in Thunder zone.
16:13 of 3rd period - Snap shot by Craig Smith.
16:13 of 3rd period - Shot Misses the Net.
16:15 of 3rd period - Minor Penalty to Trevor Lewis for Interference.
16:16 of 3rd period - Scott Parse wins face-off versus Nick Bjugstad in Thunder zone.
16:41 of 3rd period - Scott Parse is hit by Mark Fraser and loses puck.
17:48 of 3rd period - Minor Penalty to Pavel Valentenko for Slashing.
17:49 of 3rd period - Scott Parse wins face-off versus Brandon Prust in Diables zone.
17:50 of 3rd period - Wrist shot by Dany Roussin.
17:50 of 3rd period - Shot Blocked by Mark Fraser.
18:15 of 3rd period - Penalty to Trevor Lewis is over, Trevor Lewis is back on ice.
19:03 of 3rd period - Mark Stone is hit by Michal Repik and loses puck.
19:48 of 3rd period - Penalty to Pavel Valentenko is over, Pavel Valentenko is back on ice.
Goals for this period are 2 for Diables vs 1 for Thunder.
Shots for this period are 14 for Diables vs 12 for Thunder.
Overtime #1
0:01 of 1st overtime period - Brandon Prust wins face-off versus Scott Parse in neutral zone.
0:08 of 1st overtime period - Wrist shot by Craig Smith.
0:08 of 1st overtime period - Shot Misses the Net.
0:56 of 1st overtime period - Pavel Valentenko is hit by Mark Stone and loses puck.
1:17 of 1st overtime period - Mark Fraser is hit by Nikolay Prokhorkin and loses puck.
2:26 of 1st overtime period - Jake Muzzin is hit by Marc-André Bourdon and loses puck.
2:53 of 1st overtime period - David Wolf is hit by Brandon Prust and loses puck.
4:21 of 1st overtime period - Jamie McGinn is hit by Mikko Lehtonen.
4:36 of 1st overtime period - Mikko Vainonen is hit by Pavel Valentenko and loses puck.
4:57 of 1st overtime period - Trevor Lewis is hit by Pavel Valentenko.
Goals for this period are 0 for Diables vs 0 for Thunder.
Shots for this period are 0 for Diables vs 0 for Thunder.
ShootOut
5:00 of 1st overtime period - Round #1.
5:00 of 1st overtime period - Diables, Brandon Prust.
5:00 of 1st overtime period - Wrist shot by Brandon Prust.
5:00 of 1st overtime period - Goal by Brandon Prust.
5:00 of 1st overtime period - Thunder, Scott Parse.
5:00 of 1st overtime period - Wrist shot by Scott Parse.
5:00 of 1st overtime period - Stopped by Garret Sparks.
5:00 of 1st overtime period - Round #2.
5:00 of 1st overtime period - Diables, Craig Smith.
5:00 of 1st overtime period - Backhand shot by Craig Smith.
5:00 of 1st overtime period - Goal by Craig Smith.
5:00 of 1st overtime period - Thunder, Dany Roussin.
5:00 of 1st overtime period - Snap shot by Dany Roussin.
5:00 of 1st overtime period - Stopped by Garret Sparks.
5:00 of 1st overtime period - Round #3.
Back to the Top